 Dungeon Crawl Stone Soup version 0.30-a0-924-g0ad0bf95bc (webtiles) character file.

Game seed: 3445367238379167249

35 Pimp the Ducker (level 3, 0/28 HPs)
             Began as a Merfolk Gladiator on Mar 22, 2023.
             Slain by an orc
             ... wielding a +0 dagger
              (2 damage)
             ... on level 2 of the Dungeon.
             The game lasted 00:02:08 (1388 turns).

Pimp the Ducker (Merfolk Gladiator)                 Turns: 1388, Time: 00:02:08

Health: 0/28       AC:  4    Str: 16    XL:     3   Next: 33%
Magic:  3/3        EV: 13    Int: 13    God:
Gold:   48         SH:  0    Dex: 15    Spells: 2/2 levels left

rFire   + . .      SeeInvis .    a - +3 trident (elec)
rCold   + . .      Faith    .    (no shield)
rNeg    . . .      Spirit   .    b - +0 leather armour
rPois   +          Reflect  .    c - +0 helmet
rElec   +          Rampage  .    (no cloak)
rCorr   +                        (no gloves)
Will    .....                    (no boots)
Stlth   +                        (no amulet)
HPRegen 0.24/turn                j - +6 ring of intelligence
MPRegen 0.08/turn                n - ring of poison resistance

@: resistant
A: (nimble swimmer 2), mertail
a: no special abilities


You were on level 2 of the Dungeon.
You visited 1 branch of the dungeon, and saw 2 of its levels.

You collected 48 gold pieces.

Inventory:

Hand Weapons
 a - a +3 trident of electrocution (weapon)
Missiles
 d - 3 throwing nets (quivered)
 e - a javelin
Armour
 b - a +0 leather armour (worn)
 c - a +0 helmet (worn)
Jewellery
 j - a +6 ring of intelligence (left hand)
 n - a ring of poison resistance (right hand)
Scrolls
 f - a scroll of teleportation
 i - a scroll of poison
 l - 2 scrolls of identify
 m - a scroll of noise


   Skills:
 + Level 2.8 Fighting
 + Level 4.4 Polearms
 + Level 2.4 Throwing
 + Level 4.5 Dodging


You had 2 spell levels left.
You didn't know any spells.
Your spell library was empty.

Dungeon Overview and Level Annotations

Branches:
Dungeon (2/15)

Altars:


Innate Abilities, Weirdness & Mutations

((You are very nimble when in or above water. (Stealth+, EV+, Speed+++)))
Your lower body shifts to a powerful aquatic tail in water.


Message History

The kobold barely misses you.
You hit the orc wizard.
The orc wizard is lightly wounded.
The bat barely misses you.
A quokka comes into view.
The orc hits you with a +0 flail.
The orc wizard hits you but does no damage.
The frilled lizard barely misses you.
The orc hits you with a +0 dagger of venom.
The orc hits you with a +0 dagger. The kobold closely misses you.
The orc wizard attacks as you move away!
The orc wizard hits you with a +0 dagger.
* * * LOW HITPOINT WARNING * * *
The frilled lizard attacks as you move away!
The frilled lizard closely misses you. The bat completely misses you.
The orc misses you.
The orc wizard casts a spell.
The orc wizard flickers and vanishes!
Deactivating autopickup; reactivate with Ctrl-A.
The orc hits you but does no damage. The kobold barely misses you.
The orc hits you but does no damage.
Things that are here:
a +0 short sword; 2 stones You feel protected.
The bat barely misses you. The bat hits you but does no damage.
The bat closely misses you. The kobold hits you but does no damage.
The orc hits you but does no damage. The frilled lizard bites you.
* * * LOW HITPOINT WARNING * * *
The orc hits you with a +0 flail.
* * * LOW HITPOINT WARNING * * *
The orc closely misses you.
You miss the bat. The bat hits you but does no damage.
The bat closely misses you. The frilled lizard closely misses you.
The kobold misses you.
The orc hits you with a +0 dagger of venom.
* * * LOW HITPOINT WARNING * * *
You puncture the orc!
You kill the orc!
The bat hits you but does no damage. The orc hits you with a +0 dagger.
You die...

#.# # #.# ..............
#.# ............. #.#
............ #.#
#........... #.#######
#........... #.#.....#
#..r........
#.#.....######.boo.......
#.......'....'..@l{......
###.....######.))K.......
# #.....# #.............
# #.....# #.#...........
# #.....# #.#......|....
# #.....# # .....#.#####
###.....### #####.#.#
..'........ ....#
###.....###


You could see 2 orcs, a quokka, a bat, a kobold and a frilled lizard.

Vanquished Creatures
  A worm (D:2)
  2 orcs (D:2)
  3 endoplasms (D:1)
  2 goblins (D:2)
  4 hobgoblins
  A quokka (D:2)
  8 ball pythons
  A bat (D:1)
  A frilled lizard (D:1)
  5 kobolds
  3 rats
31 creatures vanquished.

Notes
Turn   | Place    | Note
-------+----------+-------------------------------------------
     0 | D:1      | Pimp the Merfolk Gladiator began the quest for the Orb.
     0 | D:1      | Reached XP level 1. HP: 16/16 MP: 1/1
   376 | D:1      | Reached XP level 2. HP: 23/23 MP: 2/2
   969 | D:2      | Reached XP level 3. HP: 21/28 MP: 3/3
  1388 | D:2      | Slain by an orc

Illustrated notes

Levels and vault maps discovered:
D:1:      minmay_arrival_arboretum_small, layout_basic, chequers_big_river
D:2:      layout_basic

Action                     || total
---------------------------++-------
  Melee: Trident           ||    86
    Use: Scroll            ||     8
         Potion            ||     1
 Armour: Leather armour    ||    37
  Dodge: Dodged            ||    94

Table legend: (Time is in decaauts)
 A = Elapsed time spent in this place.
 B = Non-inter-level travel time spent in this place.
 C = Inter-level travel time spent in this place.
 D = Time resting spent in this place.
 E = Time spent auto-exploring this place.
 F = Levels seen in this place.
 G = Mean time per level.
                   A        B        C        D        E       F      G
               +--------+--------+--------+--------+--------+-----+--------+
         Total |   1373 |   1339 |     34 |    100 |    964 |   2 |  686.5 |
       Dungeon |   1373 |   1339 |     34 |    100 |    964 |   2 |  686.5 |
               +--------+--------+--------+--------+--------+-----+--------+

Top non-repeatable levels by time:
     D:1: 842 daAuts
     D:2: 531 daAuts
